Map: Nightscape LE

Players

Leeroy

  • Race: Terran Terran
  • League: Platinum
  • Spawn Location: 1:00

Uroboros

  • Race: Terran Terran
  • League: Diamond
  • Spawn Location: 1:00

Massa - Winner!

  • Race: Terran Terran
  • League: Platinum
  • Spawn Location: 7:00

qqq - Winner!

  • Race: Protoss Protoss
  • League: Platinum
  • Spawn Location: 7:00

VOD

Have the link to the VOD?

Description

Time

  • Played on: Sept. 5, 2020, 4:19 p.m.
  • Length: 21:25
Show
View Real Time Build Order
Export as new Build Order

Leeroy Terran 

Build Orders:  

Get SALT Encoding   

  12  0:00  SCV  
  13  0:12  SCV  
  14  0:17  Refinery  
  14  0:27  Supply Depot  
  14  0:28  SCV  
  15  0:49  SCV  
  16  0:50  Refinery  
  16  0:57  Barracks  
  16  1:01  SCV  
  17  1:13  SCV  
  18  1:25  SCV  
  19  1:37  SCV  
  20  1:49  SCV  
  21  1:54  Factory  
  21  2:01  SCV  
  22  2:13  SCV  
  23  2:18  Command Center  
  23  2:30  Supply Depot  
  23  2:41  Starport  
  23  2:51  SCV  
  23  2:53  Supply Depot  
  23  2:55  Factory Tech Lab  
  24  3:03  SCV  
  25  3:15  SCV  
  26  3:24  Starport Tech Lab  
  26  3:27  SCV, Fusion Core  
  27  3:50  SCV  
  28  3:56  Supply Depot  
  28  3:57  Banshee  
  31  4:06  Command Center  
  31  4:14  SCV  
  32  4:23  Cloaking Field  
  32  4:26  SCV  
  33  4:34  Starport  
  33  4:38  SCV  
  37  4:50  SCV  
  38  5:00  Weapon Refit  
  38  5:02  SCV  
  39  5:10  Supply Depot  
  39  5:14  SCV  
  39  5:16  Battlecruiser  
  39  5:18  Starport Tech Lab  
  43  5:26  SCV  
  44  5:34  Supply Depot  
  44  5:38  Orbital Command, SCV  
  45  5:51  SCV  
  45  5:55  Starport  
  43  6:01  Engineering Bay  
  43  6:03  SCV  
  44  6:11  Battlecruiser  
  50  6:15  SCV  
  50  6:17  Supply Depot  
  51  6:19  Refinery  
  51  6:20  Refinery  
  51  6:29  Missile Turret  
  51  6:39  Missile Turret  
  51  6:40  Supply Depot  
  51  6:41  Missile Turret  
  51  6:45  Missile Turret  
  51  6:46  Missile Turret  
  51  6:51  SCV, Missile Turret  
  52  6:58  Starport Reactor  
  52  7:03  SCV, Armory, Missile Turret  
  52  7:08  Missile Turret  
  53  7:11  Armory  
  53  7:13  Missile Turret  
  53  7:15  SCV  
  53  7:16  SCV  
  55  7:28  SCV x2  
  57  7:30  SCV  
  57  7:35  Missile Turret x2  
  58  7:38  Missile Turret  
  58  7:40  SCV x2  
  58  7:42  SCV  
  61  7:52  SCV x2  
  61  7:57  Battlecruiser  
  69  7:59  Missile Turret  
  69  8:03  SCV  
  69  8:04  SCV  
  69  8:05  SCV  
  72  8:15  SCV  
  72  8:16  SCV  
  72  8:17  SCV  
  75  8:27  SCV  
  75  8:28  SCV  
  71  8:47  Viking x3  
  71  8:51  Orbital Command  
  71  8:55  Refinery  
  71  8:56  Refinery  
  71  9:01  Viking, Missile Turret  
  73  9:06  Terran Vehicle And Ship Armor Level 1  
  73  9:07  Terran Ship Weapons Level 1  
  73  9:12  Smart Servos  
  73  9:17  Viking x3  
  73  9:21  SCV x3  
  73  9:22  Missile Turret  
  82  9:26  Command Center  
  82  9:31  Viking  
  82  9:33  SCV x3  
  82  9:38  Supply Depot  
  88  9:45  SCV  
  88  9:47  Viking x2  
  92  10:00  Supply Depot  
  90  10:16  Battlecruiser x2  
  102  10:23  Supply Depot  
  102  10:51  Terran Infantry Weapons Level 1  
  98  11:16  Starport  
  98  11:20  Battlecruiser  
  98  11:24  Orbital Command  
  104  11:29  Viking x2  
  104  11:30  Viking  
  110  11:39  Terran Ship Weapons Level 2  
  110  11:43  SCV  
  110  11:44  SCV x2  
  113  11:52  Starport  
  113  11:55  SCV  
  113  11:56  SCV  
  113  11:59  Viking x2  
  113  12:00  Viking  
  122  12:03  Orbital Command  
  122  12:05  SCV  
  122  12:07  SCV  
  122  12:08  SCV  
  124  12:13  Refinery  
  124  12:17  SCV  
  124  12:20  Refinery, SCV x2  
  127  12:23  Command Center  
  127  12:24  Viking  
  127  12:29  SCV, Viking x3  
  134  12:32  SCV x2  
  138  12:39  Starport Reactor  
  138  12:40  Starport Tech Lab  
  138  12:41  SCV x2  
  138  12:44  SCV x2  
  141  12:45  Terran Infantry Armor Level 1  
  142  12:53  SCV x2  
  142  12:54  Viking  
  142  12:56  SCV x2  
  148  13:03  Supply Depot x3  
  148  13:05  Supply Depot  
  148  13:22  Refinery x2  
  148  13:23  SCV x2, Viking x3  
  148  13:24  SCV x2, Viking  
  148  13:26  Supply Depot  
  148  13:27  Supply Depot x2  
  157  13:31  Supply Depot  
  145  13:35  SCV x2  
  145  13:36  SCV  
  121  13:53  Viking x3  
  121  13:54  Viking  
  98  14:06  Viking x3  
  86  14:23  Viking x3  
  90  14:24  Viking  
  92  14:34  Terran Vehicle And Ship Armor Level 2  
  92  14:35  Terran Ship Weapons Level 3  
  92  14:36  Viking x3  
  98  14:53  Viking x3  
  98  14:54  Viking  
  102  15:06  Viking x3  
  108  15:29  Viking  
  108  15:30  Command Center, Viking x3  
  108  15:32  Command Center  
  116  15:36  Viking x2  
  71  17:34  Viking x7  
  82  18:03  Viking  
  82  18:04  Viking x6  
  90  18:33  Viking  
  92  18:34  Viking x6  
  93  19:01  SCV  
  94  19:03  Viking  
  94  19:04  Viking x6  
  107  19:13  SCV  
  106  19:25  SCV  
  105  19:33  Viking  
  105  19:37  SCV  
  108  19:49  SCV  
  85  20:09  Viking x7  
  99  20:14  Refinery  
  99  20:19  SCV x4  
  103  20:31  SCV x4  
  107  20:39  Viking x2  
Show
View Real Time Build Order
Export as new Build Order

Uroboros Terran 

Build Orders: 2 Factory, Gas First Reaper Expand, Mech 

Get SALT Encoding   

  12  0:01  SCV  
  13  0:13  SCV  
  14  0:19  Supply Depot  
  14  0:25  SCV  
  15  0:29  Refinery  
  15  0:40  SCV  
  16  0:45  Barracks  
  16  0:53  SCV  
  17  1:05  SCV  
  17  1:07  Refinery  
  18  1:17  SCV  
  18  1:29  SCV  
  19  1:37  Reaper  
  20  1:42  Factory  
  20  1:45  Orbital Command  
  20  2:08  Supply Depot  
  20  2:10  Barracks Reactor  
  20  2:31  Command Center  
  19  2:54  Hellion x2  
  19  2:57  Barracks Tech Lab  
  23  2:59  SCV  
  24  3:09  Factory  
  24  3:15  Hellion  
  24  3:16  Hellion  
  28  3:29  Barracks Tech Lab  
  28  3:38  SCV  
  29  3:42  Armory  
  29  3:56  Factory  
  29  3:57  SCV  
  29  3:59  Barracks Reactor  
  30  4:03  Siege Tank  
  30  4:04  Infernal Pre-Igniter  
  30  4:06  Hellion  
  30  4:09  SCV  
  36  4:13  Orbital Command  
  36  4:16  Hellion  
  38  4:30  Hellion  
  40  4:36  Terran Vehicle Weapons Level 1  
  40  4:41  Factory  
  40  4:49  SCV  
  40  4:50  Barracks Tech Lab  
  41  5:02  SCV, Hellion x2  
  46  5:21  Supply Depot  
  46  5:24  Supply Depot  
  46  5:33  Smart Servos  
  46  5:43  SCV x2, Hellion  
  53  5:53  Engineering Bay  
  53  5:55  SCV x2  
  55  5:59  Thor  
  58  6:05  Widow Mine x2  
  62  6:13  Refinery  
  62  6:27  Widow Mine x2, SCV x2  
  62  6:28  Supply Depot  
  62  6:29  Neosteel Armor  
  68  6:33  Missile Turret  
  68  6:36  Missile Turret  
  68  6:49  Widow Mine  
  68  6:50  Widow Mine x3  
  68  6:53  SCV  
  77  6:54  Refinery  
  77  7:18  SCV  
  78  7:22  Supply Depot  
  78  7:24  Terran Vehicle And Ship Armor Level 1  
  78  7:40  Supply Depot  
  78  7:44  Widow Mine x3, SCV  
  85  7:53  Supply Depot  
  85  7:56  Factory  
  85  8:01  SCV  
  85  8:02  Widow Mine, SCV  
  89  8:13  SCV  
  89  8:14  SCV, Thor  
  89  8:17  Drilling Claws, Command Center  
  97  8:23  Supply Depot  
  97  8:25  SCV  
  98  8:42  Widow Mine x2  
  98  8:44  Thor  
  98  8:45  Widow Mine  
  110  8:55  Hi-Sec Auto Tracking, Supply Depot  
  110  9:09  Factory  
  110  9:17  Widow Mine x2, SCV x2  
  110  9:20  Supply Depot  
  116  9:27  Supply Depot  
  116  9:29  Terran Vehicle Weapons Level 2, Thor  
  114  10:24  Factory Tech Lab, Thor x2  
  114  10:43  Thor  
  114  10:44  Widow Mine x3  
  126  10:55  Hellion  
  126  10:56  SCV  
  121  11:05  Hellion  
  121  11:06  Hellion  
  121  11:07  Thor  
  121  11:09  SCV  
  132  11:15  Orbital Command  
  132  11:23  Thor x2  
  132  11:25  Hellion  
  146  11:32  Missile Turret  
  146  11:39  Widow Mine  
  148  11:44  Supply Depot  
  148  11:48  Supply Depot  
  148  12:05  Thor  
  148  12:06  Widow Mine  
  148  12:07  Widow Mine, Terran Vehicle And Ship Armor Level 2  
  158  12:23  Thor  
  158  12:25  Hellion x3  
  170  12:38  Thor  
  176  12:45  Refinery  
  176  12:46  SCV  
  176  12:47  Refinery, SCV x2  
  179  12:58  SCV  
  179  13:01  Armory  
  180  13:06  Factory  
  180  13:28  Command Center  
  150  13:57  Thor x3  
  164  14:29  Widow Mine x4  
  164  14:30  Widow Mine  
  166  14:40  Widow Mine  
  166  14:41  Widow Mine  
  82  15:01  Thor x3  
  82  15:02  Hellion  
  82  15:03  Hellion x2  
  96  15:11  Factory Tech Lab  
  96  15:17  Command Center  
  96  15:21  Command Center  
  96  15:27  Widow Mine x2  
  96  15:28  Widow Mine x3  
  106  15:42  Refinery  
  106  15:44  Widow Mine x2  
  106  15:45  Widow Mine  
  106  15:49  Widow Mine  
  114  15:56  Hellion x3  
  124  15:57  Hellion x2  
  124  16:20  Thor  
  128  16:43  Hellion x7  
  128  16:58  Hellion x3  
  128  16:59  Hellion x5  
  81  17:42  Thor x2  
  71  18:24  Thor  
  77  18:36  Hellion x3  
  77  18:37  Hellion  
  71  18:44  Hellion x2  
  69  19:01  Hellion x2  
  73  19:20  Hellion x2  
  77  19:28  Widow Mine x2  
  77  20:00  Widow Mine x4  
  77  20:01  Widow Mine  
  85  20:19  Hellion  
  87  20:23  Hellion  
  89  20:44  Hellion x2  
Show
View Real Time Build Order
Export as new Build Order

Massa Terran - Winner!

Build Orders:  

Get SALT Encoding   

  12  0:00  SCV  
  13  0:12  SCV  
  14  0:24  SCV  
  14  0:25  Supply Depot  
  15  0:31  Refinery  
  15  0:46  SCV  
  15  0:48  Barracks  
  16  0:58  SCV  
  17  1:10  SCV  
  18  1:15  Refinery  
  18  1:23  SCV  
  19  1:35  SCV  
  20  1:41  Reaper  
  21  1:47  SCV, Factory  
  22  2:07  Command Center  
  22  2:11  SCV  
  23  2:34  Factory Tech Lab  
  23  2:36  Supply Depot  
  23  2:45  Supply Depot  
  23  2:46  Reaper  
  23  2:58  Siege Tank  
  26  3:01  Supply Depot  
  26  3:07  Orbital Command  
  26  3:19  Barracks, Engineering Bay  
  26  3:23  Starport  
  26  3:27  SCV  
  27  3:36  Barracks Tech Lab  
  27  3:39  SCV  
  28  3:45  SCV  
  29  3:52  Orbital Command  
  29  3:55  Refinery  
  29  3:57  SCV  
  30  4:03  Missile Turret  
  30  4:18  SCV  
  30  4:19  SCV  
  30  4:22  Barracks Reactor  
  32  4:24  Missile Turret  
  32  4:27  Marauder  
  32  4:30  Widow Mine, SCV  
  32  4:31  SCV  
  38  4:43  SCV x2  
  40  4:47  Missile Turret  
  40  4:49  Missile Turret  
  40  4:55  SCV  
  40  4:56  Missile Turret  
  40  4:59  Medivac  
  43  5:04  Widow Mine  
  43  5:06  Marauder  
  47  5:07  Marine  
  47  5:08  Marine  
  47  5:11  Stimpack  
  47  5:12  SCV  
  47  5:13  SCV  
  51  5:18  Missile Turret x2  
  51  5:23  Terran Infantry Weapons Level 1  
  51  5:24  SCV  
  51  5:25  SCV  
  53  5:30  Viking  
  55  5:38  Missile Turret  
  55  6:09  Command Center  
  55  6:13  Barracks  
  55  6:17  Barracks  
  55  6:23  Factory, Medivac  
  57  6:27  Marauder, Marine x2  
  61  6:38  SCV  
  62  6:49  Supply Depot  
  62  6:51  Supply Depot  
  62  6:57  Supply Depot  
  62  7:00  Supply Depot  
  62  7:03  Marine  
  62  7:07  Barracks Reactor  
  62  7:10  Marine x2  
  62  7:11  SCV x2, Medivac  
  62  7:12  Supply Depot  
  62  7:15  Factory Tech Lab  
  68  7:16  Siege Tank  
  68  7:17  Terran Infantry Armor Level 1  
  68  7:21  Marine  
  72  7:23  SCV x2  
  72  7:28  Marine x2  
  76  7:35  SCV x2  
  78  7:47  SCV x2  
  80  7:57  Marauder  
  80  7:58  Marine x2  
  83  8:02  Missile Turret x2  
  84  8:06  Missile Turret x3  
  84  8:12  Siege Tank x2  
  90  8:19  Marauder  
  77  8:35  SCV x3  
  77  8:40  Marauder  
  80  8:47  SCV x3, Missile Turret  
  83  8:55  Missile Turret  
  83  9:00  Orbital Command  
  83  9:01  SCV x2, Marauder  
  87  9:07  Missile Turret  
  87  9:09  Marine  
  88  9:10  Marine x3  
  88  9:13  SCV x2  
  93  9:18  Barracks Reactor  
  93  9:23  Marauder  
  95  9:25  SCV, Barracks  
  95  9:27  Marine x3  
  95  9:28  Marine  
  100  9:34  Siege Tank x2  
  100  9:36  Barracks  
  106  9:44  Marauder  
  106  9:45  Marine x4  
  109  9:46  Armory  
  109  9:49  Armory  
  112  9:54  Supply Depot  
  112  9:59  Engineering Bay  
  112  10:03  Marine x4  
  112  10:05  Supply Depot  
  116  10:07  Supply Depot  
  116  10:16  Marauder, Siege Tank x2  
  116  10:19  Combat Shield  
  124  10:29  Supply Depot  
  124  10:31  Supply Depot  
  124  10:32  SCV x3  
  127  10:37  Marauder  
  127  10:41  Refinery  
  129  10:44  SCV x2  
  129  10:45  Refinery  
  129  10:46  Command Center  
  129  10:47  Barracks Reactor  
  129  10:48  Barracks Tech Lab  
  129  10:49  Marine x3  
  132  10:50  Marine x3  
  132  10:53  Supply Depot  
  132  10:54  Widow Mine x2  
  132  10:56  Supply Depot  
  141  10:59  Marauder  
  143  11:07  Marine x3  
  143  11:09  SCV x3  
  149  11:15  Widow Mine  
  149  11:17  Refinery  
  151  11:20  Marauder  
  151  11:21  SCV x2  
  151  11:22  SCV  
  156  11:31  Terran Infantry Armor Level 2, Terran Infantry Weapons Level 2  
  156  11:33  Terran Vehicle And Ship Armor Level 1, Terran Vehicle Weapons Level 1  
  156  11:38  Concussive Shells  
  156  11:40  Command Center  
  156  11:41  Marauder  
  158  12:03  Marauder  
  158  12:05  Marauder  
  158  12:06  Marine x4  
  166  12:11  Starport Reactor  
  166  12:19  Starport  
  166  12:21  Starport  
  166  12:24  Marauder  
  166  12:25  Starport  
  166  12:27  Marauder  
  170  12:46  Marauder  
  119  13:53  Marauder  
  119  13:54  Marauder, Marine  
  119  13:55  Marine x7  
  129  14:12  Marine x2  
  129  14:13  Marine x6  
  129  14:15  Marauder x2  
  141  14:25  Terran Vehicle And Ship Armor Level 2, Terran Vehicle Weapons Level 2  
  141  14:28  Terran Infantry Weapons Level 3, Terran Infantry Armor Level 3  
  141  14:30  Marine x7  
  141  14:31  Marine  
  147  14:36  Marauder  
  147  14:37  Marauder  
  148  14:48  Marine x8  
  143  14:58  Marauder x2  
  115  15:05  Marine  
  115  15:06  Marine x5  
  115  15:07  Marine x2  
  123  15:14  Orbital Command  
  123  15:19  Marauder x2  
  127  15:23  Marine  
  127  15:24  Marine x6  
  127  15:25  Marine  
  135  15:40  Marauder  
  135  15:41  Marauder, Marine  
  135  15:42  Marine x7  
  147  15:56  Missile Turret  
  147  15:59  Marine x4  
  147  16:00  Marine x4  
  147  16:02  Marauder x2  
  159  16:06  Missile Turret x2  
  159  16:07  Missile Turret  
  159  16:11  Missile Turret  
  159  16:12  Missile Turret  
  159  16:16  Missile Turret  
  159  16:21  Thor x2  
  159  16:23  Marauder  
  159  16:24  Marauder  
  173  16:28  Missile Turret  
  173  16:29  Missile Turret  
  173  16:30  Missile Turret  
  154  16:34  Missile Turret  
  154  16:35  Missile Turret  
  154  16:37  Missile Turret  
  154  16:44  Starport Reactor  
  154  16:45  Starport Tech Lab x2  
  154  16:46  Medivac x2  
  158  16:51  Missile Turret x2  
  158  16:57  Missile Turret  
  154  17:04  Thor x2  
  164  17:16  Medivac x2  
  164  17:18  Missile Turret  
  138  17:28  Marauder  
  138  17:29  Marauder, Marine x2  
  128  17:30  Marine x6  
  135  17:37  Missile Turret  
  135  17:40  Terran Vehicle Weapons Level 3  
  135  17:41  Terran Vehicle And Ship Armor Level 3  
  135  17:46  Medivac  
  135  17:47  Marine x3, Thor x2  
  135  17:48  Marine x5  
  135  17:50  Marauder x2  
  161  17:51  Orbital Command  
  161  17:58  Missile Turret  
  161  18:05  Refinery, Marine x6  
  162  18:06  Refinery, Marine x2  
  162  18:11  Marauder  
  162  18:12  Marauder  
  173  18:18  Missile Turret  
  173  18:22  Marine  
  173  18:23  Marine x7  
  173  18:24  Factory  
  173  18:26  Factory  
  181  18:27  Factory x2  
  181  18:29  Thor  
  181  18:32  Marauder  
  181  18:33  Marauder  
  191  18:38  Missile Turret  
  168  18:49  Thor  
  168  18:54  Marauder x2  
  159  18:57  Refinery, Missile Turret  
  159  18:58  Marine  
  159  18:59  Refinery, Marine x4  
  159  19:00  Marine x3  
  159  19:15  Marauder  
  159  19:16  Marauder, Marine  
  159  19:17  Marine x5, Missile Turret  
  164  19:18  Marine x2  
  171  19:31  Medivac  
  171  19:32  Medivac x3  
  171  19:34  Marine x2  
  171  19:35  Marine x3  
  171  19:37  Marauder x2, Factory Reactor  
  171  19:38  Factory Reactor  
  188  19:53  Command Center  
  188  19:58  Marauder x2  
  192  20:01  Factory Reactor  
  192  20:13  Factory Tech Lab  
  192  20:19  Marauder  
  192  20:20  Factory Tech Lab  
  194  20:28  Viking  
  194  20:29  Viking x2  
Show
View Real Time Build Order
Export as new Build Order

qqq Protoss - Winner!

Build Orders: Carriers 

Get SALT Encoding   

  12  0:00  Probe  
  13  0:16  Pylon  
  13  0:24  Probe  
  14  0:37  Gateway  
  14  0:42  Pylon  
  14  0:45  Probe  
  15  0:57  Probe  
  16  1:09  Probe  
  17  1:21  Probe  
  18  1:42  Probe  
  18  1:46  Nexus  
  19  1:47  Pylon  
  20  1:54  Probe  
  20  2:09  Cybernetics Core  
  20  2:12  Probe  
  21  2:20  Assimilator  
  21  2:24  Probe  
  22  2:37  Probe  
  23  2:38  Assimilator  
  23  2:49  Probe  
  24  3:01  Probe (Chrono Boost)  
  24  3:02  Forge  
  25  3:11  Probe (Chrono Boost)  
  25  3:12  Probe (Chrono Boost)  
  27  3:13  Assimilator  
  27  3:17  Assimilator  
  27  3:19  Probe (Chrono Boost)  
  29  3:21  Probe (Chrono Boost)  
  29  3:24  Stargate  
  29  3:25  Probe (Chrono Boost)  
  30  3:28  Probe (Chrono Boost)  
  30  3:32  Probe  
  32  3:39  Probe  
  33  3:44  Probe  
  34  3:51  Probe, Stargate  
  35  3:56  Probe  
  35  3:57  Pylon  
  36  4:03  Probe  
  36  4:08  Probe  
  36  4:09  Phoenix  
  40  4:15  Probe  
  40  4:16  Protoss Air Weapons Level 1  
  40  4:20  Probe  
  41  4:28  Probe  
  42  4:32  Probe, Photon Cannon  
  42  4:36  Phoenix  
  45  4:39  Phoenix  
  45  4:40  Probe  
  45  4:45  Probe  
  49  4:52  Probe  
  50  4:57  Probe  
  50  4:59  Fleet Beacon  
  51  5:04  Probe  
  52  5:07  Nexus  
  52  5:11  Pylon  
  53  5:19  Phoenix  
  53  5:20  Phoenix  
  56  5:25  Pylon  
  56  5:31  Photon Cannon  
  56  5:36  Photon Cannon  
  56  5:44  Phoenix  
  56  5:46  Tempest  
  61  5:55  Probe, Robotics Facility  
  60  6:07  Probe  
  60  6:08  Tempest  
  66  6:14  Photon Cannon  
  66  6:19  Probe x2  
  68  6:31  Probe x2  
  70  6:39  Carrier  
  76  6:43  Probe (Chrono Boost)  
  76  6:46  Protoss Air Armor Level 1  
  77  6:50  Observer  
  77  6:53  Probe (Chrono Boost)  
  79  6:58  Probe (Chrono Boost)  
  80  7:10  Probe  
  80  7:11  Observer  
  80  7:15  Tempest  
  87  7:18  Nexus  
  87  7:19  Pylon  
  87  7:22  Probe, Pylon  
  88  7:32  Observer  
  88  7:34  Probe, Pylon  
  88  7:37  Pylon  
  88  7:39  Pylon  
  88  7:43  Carrier  
  94  7:46  Probe  
  96  7:58  Probe  
  96  8:01  Assimilator  
  96  8:05  Assimilator  
  104  8:10  Probe, Mothership (Chrono Boost)  
  105  8:18  Photon Cannon  
  105  8:20  Photon Cannon  
  105  8:22  Probe  
  105  8:24  Photon Cannon  
  106  8:27  Tempest, Photon Cannon  
  111  8:34  Probe  
  110  8:47  Probe (Chrono Boost), Tempest  
  117  8:49  Probe (Chrono Boost)  
  117  8:59  Probe (Chrono Boost)  
  119  9:04  Stargate  
  119  9:05  Probe (Chrono Boost), Stargate  
  119  9:06  Probe (Chrono Boost)  
  120  9:11  Probe, Assimilator  
  120  9:13  Probe  
  120  9:15  Assimilator  
  122  9:17  Tempest  
  122  9:23  Nexus  
  122  9:24  Probe, Pylon  
  128  9:25  Probe  
  128  9:27  Pylon  
  128  9:30  Pylon  
  129  9:32  Tempest  
  129  9:33  Pylon  
  129  9:36  Probe  
  131  9:59  Carrier  
  137  10:00  Carrier  
  137  10:45  Tempest  
  137  10:46  Carrier  
  146  10:59  Protoss Air Weapons Level 2  
  142  11:10  Tempest  
  142  11:11  Tempest  
  146  11:16  Probe  
  147  11:19  Probe  
  147  11:21  Probe  
  147  11:25  Assimilator  
  149  11:28  Probe, Phoenix  
  149  11:29  Assimilator  
  149  11:31  Probe  
  153  11:33  Probe  
  154  11:40  Probe  
  154  11:41  Nexus  
  154  11:43  Probe  
  154  11:44  Pylon  
  154  11:46  Pylon  
  156  11:48  Pylon  
  156  11:50  Tempest  
  156  11:51  Pylon  
  156  11:52  Probe  
  156  11:53  Phoenix  
  156  11:54  Pylon  
  164  11:55  Probe  
  164  11:57  Pylon  
  165  12:02  Pylon  
  165  12:04  Probe, Photon Cannon  
  165  12:06  Photon Cannon  
  165  12:08  Probe  
  167  12:10  Photon Cannon  
  167  12:12  Photon Cannon  
  167  12:16  Shield Battery  
  167  12:17  Probe  
  167  12:19  Tempest, Shield Battery  
  167  12:20  Probe  
  167  12:22  Photon Cannon  
  174  12:26  Photon Cannon  
  174  12:29  Probe, Observer  
  176  12:30  Photon Cannon  
  176  12:31  Shield Battery  
  176  12:32  Probe, Photon Cannon  
  176  12:37  Shield Battery  
  177  12:38  Photon Cannon, Phoenix x3  
  177  12:41  Probe  
  185  12:44  Probe  
  185  12:50  Observer  
  186  12:53  Probe  
  186  12:56  Probe  
  188  13:02  Phoenix  
  188  13:03  Tempest, Probe, Phoenix  
  188  13:05  Probe  
  199  13:08  Probe  
  200  13:33  Protoss Air Armor Level 2  
  145  14:08  Tempest x3, Carrier  
  135  14:51  Phoenix x2  
  135  14:52  Carrier  
  140  14:55  Photon Cannon  
  140  14:57  Photon Cannon  
  125  15:01  Photon Cannon  
  125  15:03  Photon Cannon x2  
  125  15:05  Photon Cannon  
  125  15:06  Gateway  
  125  15:07  Gateway, Mothership  
  125  15:09  Gateway  
  125  15:11  Gateway  
  125  15:12  Carrier  
  125  15:13  Stargate  
  125  15:14  Immortal  
  143  15:15  Stargate  
  143  15:16  Tempest x2  
  143  15:18  Stargate  
  153  15:38  Probe  
  153  15:40  Probe  
  153  15:41  Probe  
  156  15:50  Probe  
  156  15:52  Probe  
  156  15:53  Probe, Immortal  
  156  15:55  Tempest  
  168  15:59  Tempest x2, Zealot x4  
  168  16:03  Probe  
  187  16:04  Probe  
  187  16:05  Probe  
  187  16:10  Twilight Council  
  189  16:13  Protoss Shields Level 1  
  189  16:15  Probe  
  189  16:16  Tempest  
  189  16:17  Probe  
  189  16:18  Probe  
  197  16:26  Zealot  
  197  16:27  Probe  
  200  16:53  Zealot  
  190  16:54  Phoenix x2  
  190  16:55  Phoenix x3  
  194  17:07  Charge  
  180  17:12  Assimilator  
  180  17:14  Tempest x2  
  175  17:17  Assimilator  
  175  17:19  Tempest  
  175  17:20  Carrier x2  
  192  17:25  Zealot x2  
  192  17:26  Zealot x2  
  200  17:33  Protoss Air Weapons Level 3 (Chrono Boost)  
  192  17:55  Phoenix x2  
  192  17:57  Phoenix x2  
  188  17:59  Immortal  
  188  18:02  Phoenix  
  189  18:07  Zealot x5  
  177  18:18  Shield Battery  
  170  18:20  Phoenix x2, Shield Battery  
  170  18:22  Protoss Ground Weapons Level 1, Phoenix x2  
  170  18:24  Phoenix x2  
  178  18:27  Phoenix, Shield Battery  
  178  18:34  Zealot x2, Stalker x3  
  184  18:38  Immortal  
  194  18:42  Nexus  
  194  18:43  Pylon x2  
  194  18:44  Pylon  
  194  18:45  Phoenix x2  
  194  18:47  Phoenix, Pylon  
  200  18:52  Pylon  
  200  18:55  Pylon  
  200  18:57  Pylon  
  184  19:58  Tempest x4  
  184  19:59  Tempest x3  
  181  20:22  Photon Cannon  
  181  20:23  Photon Cannon  
  181  20:25  Shield Battery  
  181  20:26  Photon Cannon  
  181  20:29  Shield Battery  
  181  20:37  Photon Cannon  
  181  20:39  Photon Cannon  
  181  20:41  Photon Cannon  
  181  20:43  Photon Cannon  
  181  20:45  Photon Cannon  
  181  20:47  Photon Cannon  
  181  20:59  Phoenix x4  
Tags
 
Add a new tag
Caveats
  • Supply blocks, unpowered buildings, or Contaminate may cause inaccurate times.
  • Supply counts are checked every 10 seconds.